 Dungeon Crawl Stone Soup version 0.29-a0-384-g6960b1960d (webtiles) character file.

Game seed: 14907466712256406707

22 holysushi the Insei (level 2, 0/24 HPs)
             Began as a Demonspawn Monk on May 7, 2022.
             Slain by a ball python (2 damage)
             ... on level 1 of the Dungeon.
             The game lasted 00:00:40 (939 turns).

holysushi the Insei (Demonspawn Monk)                Turns: 939, Time: 00:00:41

Health: 0/24       AC:  2    Str: 11    XL:     2   Next: 68%
Magic:  2/2        EV:  9    Int: 11    God:
Gold:   16         SH:  0    Dex: 15    Spells: 1/1 levels left

rFire   . . .      SeeInvis .     - Unarmed
rCold   . . .      Faith    .   (no shield)
rNeg    . . .      Spirit   .   a - +0 robe
rPois   .          Reflect  .   (no helmet)
rElec   .          Harm     .   (no cloak)
rCorr   .          Rampage  .   (no gloves)
Will    .....                   (no boots)
Stlth   ++........              (no amulet)
HPRegen 0.08/turn               (no ring)
MPRegen 0.16/turn               (no ring)

@: constricted
A: magic regeneration
a: no special abilities


You were on level 1 of the Dungeon.
You visited 1 branch of the dungeon, and saw 1 of its levels.

You collected 16 gold pieces.

Inventory:

Armour
 a - a +0 robe (worn)
Scrolls
 d - a scroll of fog {unknown}
Potions
 b - a potion of ambrosia
 c - a potion of degeneration {unknown}
 e - 2 potions of mutation {unknown}


   Skills:
 - Level 3.0 Fighting
 - Level 2.6 Dodging
 - Level 1.7 Stealth
 + Level 3.6 Unarmed Combat


You had one spell level left.
You didn't know any spells.
Your spell library was empty.

Dungeon Overview and Level Annotations

Branches:
Dungeon (1/15)

Altars:


Innate Abilities, Weirdness & Mutations

You regenerate magic rapidly.


Message History

The jackal closely misses you.
You closely miss the jackal. Your punch misses the jackal.
The jackal is almost dead.
The jackal misses you. The jackal bites you.
You hit the jackal.
You kill the jackal!
You hit the goblin.
The goblin is severely wounded.
The goblin hits you with a +0 dagger.
* * * LOW HITPOINT WARNING * * *
You hit the goblin.
You kill the goblin!
Things that are here:
a +0 dagger; a jackal corpse An endoplasm comes into view.
An endoplasm is nearby!
Things that are here:
a +0 dagger; a jackal corpse You start resting.
A hobgoblin comes into view.
A kobold and a ball python come into view.
Found a yellow potion.
The ball python hisses angrily.
There are monsters nearby!
The ball python barely misses you. x2; The ball python closely misses you.
The ball python grabs you. The ball python constricts you.
* * * LOW HITPOINT WARNING * * *
You closely miss the ball python. The ball python barely misses you.
The ball python constricts you.
You closely miss the ball python.
The ball python bites you but does no damage.
The ball python constricts you.
* * * LOW HITPOINT WARNING * * *
You hit the ball python but do no damage.
The ball python bites you.
* * * LOW HITPOINT WARNING * * *
The ball python constricts you.
* * * LOW HITPOINT WARNING * * *
You completely miss the ball python. The ball python bites you.
You die...

#.# #....##### #.#
##........ #.#
##...###. ##.#
##.## #..# #..#
#.#############.##
#.#.........).†.g#
#.#.##########.#.#
#.#@# ...... #.#S#
##.##.## #.#K# #.#
.# #.#.# #J. .>
#.#.# ### .#$
#.#!# #.#.# #.#.#
#.#


You could see a ball python and a kobold.

Vanquished Creatures
  A dart slug (D:1)
  4 ball pythons (D:1)
  4 endoplasms (D:1)
  3 goblins (D:1)
  2 jackals (D:1)
  A bat (D:1)
  2 kobolds (D:1)
17 creatures vanquished.

Notes
Turn   | Place    | Note
-------+----------+-------------------------------------------
     0 | D:1      | holysushi the Demonspawn Monk began the quest for the Orb.
     0 | D:1      | Reached XP level 1. HP: 18/18 MP: 1/1
   510 | D:1      | Gained mutation: You regenerate magic rapidly. [demonic
                  | ancestry]
   510 | D:1      | Reached XP level 2. HP: 23/24 MP: 2/2
   594 | D:1      | Found a faded altar of an unknown god.
   939 | D:1      | Slain by a ball python

Illustrated notes

Levels and vault maps discovered:
D:1:      denvon_arrival_waterhouse, layout_basic,
          hellmonk_ecumenical_altar_arch_garden

Skill      XL: |  1 |
---------------+----+-----
Unarmed Combat | 3 |  3.6
Fighting       | |  3.0
Dodging        | |  2.6
Stealth        | |  1.7

Action                   || total
-------------------------++-------
Melee: Unarmed           ||    63
 Stab: Sleeping          ||     3
Armor: Robe              ||     6
Dodge: Dodged            ||    42

Table legend: (Time is in decaauts)
 A = Elapsed time spent in this place.
 B = Non-inter-level travel time spent in this place.
 C = Inter-level travel time spent in this place.
 D = Time resting spent in this place.
 E = Time spent auto-exploring this place.
 F = Levels seen in this place.
 G = Mean time per level.
                   A        B        C        D        E       F      G
               +--------+--------+--------+--------+--------+-----+--------+
         Total |    937 |    937 |      0 |    403 |    357 |   1 |  937.0 |
       Dungeon |    937 |    937 |      0 |    403 |    357 |   1 |  937.0 |
               +--------+--------+--------+--------+--------+-----+--------+

Top non-repeatable levels by time:
     D:1: 937 daAuts
